 Dungeon Crawl Stone Soup version 0.20.1-1-g8b1a95d (webtiles) character file.

160 Honti the Conjurer (level 5, 0/38 HPs)
             Began as a Draconian Conjurer on July 20, 2017.
             Slain by a basilisk (7 damage)
             ... on level 2 of the Dungeon.
             The game lasted 00:24:47 (5620 turns).

Honti the Conjurer (Draconian Conjurer)             Turns: 5620, Time: 00:24:48

Health: 0/38       AC:  6    Str: 11    XL:     5   Next: 17%
Magic:  10/10      EV:  6    Int: 16    God:
Gold:   98         SH:  0    Dex: 11    Spells: 4/11 levels left

rFire    . . .     SeeInvis .   k - +0 dagger
rCold    . . .     Gourm    +   (no shield)
rNeg     . . .     Faith    .   (armour unavailable)
rPois    .         Spirit   .   (helmet restricted)
rElec    .         Reflect  .   (no cloak)
rCorr    .         Harm     .   i - +0 pair of gloves
MR       .....                  (no boots)
Stlth    ++........             g - amulet of the gourmand
Regen    0.2/turn               (no ring)
MPRegen  0.2/turn               (no ring)

@: petrifying (expiring), very slow
A: unfitting armour, cold-blooded, AC +5
a: no special abilities


You were on level 2 of the Dungeon.
You were not hungry.

You visited 1 branch of the dungeon, and saw 3 of its levels.

You collected 98 gold pieces.

Inventory:

Hand Weapons
 k - a +0 dagger (weapon)
Missiles
 h - 50 stones (quivered)
 n - 6 bolts
Armour
 i - a +0 pair of gloves (worn)
Jewellery
 g - an amulet of the gourmand (around neck)
Wands
 x - a wand of polymorph (9/24)
Scrolls
 f - a scroll of recharging {unknown}
 m - a scroll of blinking {unknown}
 o - 2 scrolls of amnesia {unknown}
 r - a scroll of teleportation {unknown}
 v - a scroll of random uselessness {unknown}
 w - a scroll of noise {unknown}
Potions
 c - a potion of lignification {unknown}
 e - a potion of curing {unknown}
 j - 3 potions of brilliance {unknown}
 l - a potion of ambrosia {unknown}
 q - a potion of agility {unknown}
 u - 2 potions of magic
Books
 a - a book of Conjurations

   Spells                             Type                      Level
   a - Magic Dart                     Conjuration                  1
   b - Searing Ray                    Conjuration                  2
   c - Dazzling Spray                 Conjuration/Hexes            3
   d - Fulminant Prism                Conjuration/Hexes            4
   e - Force Lance                    Conjuration/Translocation    4
   f - Iskenderun's Mystic Blast      Conjuration                  4
Comestibles
 b - 3 bread rations
 p - 2 meat rations
 t - a royal jelly


   Skills:
 - Level 1.7 Dodging
 - Level 1.7 Stealth
 + Level 3.7 Spellcasting
 + Level 5.4 Conjurations


You had 4 spell levels left.
You knew the following spells:

 Your Spells              Type           Power        Failure   Level  Hunger
a - Magic Dart            Conj           ###.         1%          1    None
b - Searing Ray           Conj           ###...       2%          2    ##.....
c - Iskenderun's Mystic   Conj           ###.....     19%         4    ####...


Dungeon Overview and Level Annotations

Branches:
Dungeon (3/15)

Altars:

Annotations:
D:3 Robin


Innate Abilities, Weirdness & Mutations

Your plain brown scales are hard. (AC +5)
You cannot fit into any form of body armour.
You are cold-blooded and may be slowed by cold attacks.


Message History

The ice beast evaporates and reforms as a basilisk!
This wand has 11 charges left.
The basilisk gazes at you.
You are slowing down.
Press: ? - help, v - describe, . - travel
Here: a basilisk (lightly wounded)
The floor.
Evoke which item? (* to show all) (? for menu, Esc to quit)
Aiming: Polymorph
Press: ? - help, Shift-Dir - straight line, f/p - basilisk
Aim: a basilisk (lightly wounded, chance to defeat MR: 46%)
The basilisk resists with some effort.
This wand has 10 charges left.
The basilisk bites you.
Your limbs are stiffening.
Evoke which item? (* to show all) (? for menu, Esc to quit)
Aiming: Polymorph
Press: ? - help, Shift-Dir - straight line, f/p - basilisk
Aim: a basilisk (lightly wounded, chance to defeat MR: 46%)
The basilisk resists with some effort.
This wand has 9 charges left.
The basilisk bites you!
You die...

#.........#
##.########.###
#####.#######.......#
#.# #.....# #.....##.#
#.# #.#.#)#####...###.#
#.#
#.#..%>).....####.###.#
#.###)####............#
#.....# ##.#####.#####
####### #.#####.#
#..l@...# #########


You could see a basilisk.

Vanquished Creatures
  4 gnolls (D:2)
  4 adders (D:2)
  An ooze (D:2)
  A dart slug (D:2)
  3 leopard geckos
  An orc (D:2)
  5 bats
  3 giant cockroaches
  18 goblins
  9 hobgoblins
  7 kobolds
  A quokka (D:2)
  A ball python (D:2)
  5 frilled lizards (D:2)
  9 rats
72 creatures vanquished.

Vanquished Creatures (others)
  A goblin (D:3)
1 creature vanquished.

Grand Total: 73 creatures vanquished

Notes
Turn   | Place    | Note
-------+----------+-------------------------------------------
     0 | D:1      | Honti the Draconian Conjurer began the quest for the Orb.
     0 | D:1      | Reached XP level 1. HP: 14/14 MP: 3/3
  1007 | D:1      | Reached XP level 2. HP: 20/20 MP: 0/5
  1250 | D:1      | Learned a level 2 spell: Searing Ray
  2077 | D:1      | Reached XP level 3. HP: 13/26 MP: 0/7
  3144 | D:2      | Reached XP level 4. HP: 29/33 MP: 3/8
  3551 | D:2      | Reached skill level 5 in Conjurations
  4308 | D:2      | Learned a level 4 spell: Iskenderun's Mystic Blast
  4599 | D:2      | Reached XP level 5. HP: 38/38 MP: 4/10
  4730 | D:3      | Noticed an ice beast
  4833 | D:3      | Noticed Robin
  5618 | D:2      | Noticed a basilisk
  5618 | D:2      | an ice beast changed into a basilisk
  5620 | D:2      | Slain by a basilisk

Skill      XL: |  1  2  3  4 |
---------------+-------------+-----
Spellcasting   | 3 |  3.7
Conjurations   | 5 |  5.4
Dodging        | |  1.7
Stealth        | |  1.7

Action                   |  1- 3 |  4- 6 || total
-------------------------+-------+-------++-------
Melee: Unarmed           |     6 |       ||     6
       Tailslap          |     1 |     3 ||     4
       Dagger            |    16 |    44 ||    60
 Cast: Magic Dart        |    77 |    70 ||   147
       Searing Ray       |     2 |     2 ||     4
Evoke: Wand              |       |     3 ||     3
  Use: Scroll            |       |     3 ||     3
  Eat: Chunk             |     5 |     9 ||    14
       Royal jelly       |     1 |       ||     1
Armor: Skin              |     3 |    41 ||    44
Dodge: Dodged            |    26 |    71 ||    97
